 Dungeon Crawl Stone Soup version 0.22-a0-299-g43f9854 (webtiles) character file.

403 vishdafish the Skirmisher (level 6, 0/53 HPs)
             Began as a Draconian Fighter on Mar 26, 2018.
             Slain by a gnoll
             ... wielding a +0 spear
              (10 damage)
             ... on level 3 of the Dungeon.
             The game lasted 00:04:08 (2803 turns).

vishdafish the Skirmisher (Draconian Fighter)       Turns: 2803, Time: 00:04:08

Health: 0/53       AC:  8    Str: 23    XL:     6   Next: 55%
Magic:  6/6        EV: 11    Int: 11    God:
Gold:   148        SH:  9    Dex: 10    Spells: 5/5 levels left

rFire    . . .     SeeInvis .   a - +0 long sword
rCold    . . .     Gourm    .   b - +0 shield
rNeg     . . .     Faith    .   (armour unavailable)
rPois    .         Spirit   .   (helmet restricted)
rElec    .         Reflect  .   p - +0 cloak (curse)
rCorr    .         Harm     .   g - +0 pair of gloves
MR       .....                  (no boots)
Stlth    +.........             (no amulet)
HPRegen  0.17/turn              (no ring)
MPRegen  0.10/turn              (no ring)

@: mighty, lethally poisoned (0 -> -2)
A: unfitting armour, cold-blooded, AC +6
a: no special abilities


You were on level 3 of the Dungeon.
You were hungry.

You visited 1 branch of the dungeon, and saw 4 of its levels.

You collected 148 gold pieces.

Inventory:

Hand Weapons
 a - a +0 long sword (weapon)
 r - a cursed +0 blowgun
Missiles
 h - 7 curare-tipped needles
Armour
 b - a +0 shield (worn)
 g - a +0 pair of gloves (worn)
 p - a cursed +0 cloak (worn)
Scrolls
 e - a scroll of teleportation {unknown}
 k - 2 scrolls of remove curse
 l - a scroll of blinking {unknown}
 m - a scroll of fear {unknown}
 q - a scroll of amnesia {unknown}
Potions
 f - a potion of heal wounds
 i - a potion of berserk rage
 j - a potion of agility
 n - a potion of ambrosia
 o - 4 potions of curing
Comestibles
 d - 9 rations


   Skills:
 + Level 4.7 Fighting
 * Level 4.6 Long Blades
 + Level 3.8 Dodging
 + Level 4.2 Shields


You had 5 spell levels left.
You didn't know any spells.

Dungeon Overview and Level Annotations

Branches:
Dungeon (4/15)
 Temple: D:4-7

Altars:
Cheibriados
Makhleb
Ru


Innate Abilities, Weirdness & Mutations

Your plain brown scales are hard. (AC +6)
You cannot fit into any form of body armour.
You are cold-blooded and may be slowed by cold attacks.


Message History

You barely miss the gnoll.
The gnoll is severely wounded.
You feel sick. You block the gnoll's attack. x2
You slash the gnoll!
You kill the gnoll!
The gnoll hits you but does no damage.
You slash the gnoll!
The gnoll is heavily wounded.
You feel sick. You block the gnoll's attack. The gnoll barely misses you.
You slash the gnoll!
You kill the gnoll!
You block the gnoll's attack. The gnoll misses you.
You feel sick. The gnoll hits you with a spear.
* * * LOW HITPOINT WARNING * * *
Things that are here:
a spear of venom; a gnoll corpse You barely miss the gnoll.
You tail-slap the gnoll!
The gnoll is severely wounded.
The gnoll hits you with a spear!
You die...

..# ## # #'# .+ # #.# ..# # #.#
...# # #.###'## ####### #......#.
).....# #.g....'. ....#.#
#@################ ....#
#.#)..........#... ....#.#....≈≈≈
#))..†........'...
....+.#...P≈≈###'#...).......#...
...[#.#....≈≈#...#############'''
....#.#....≈≈#...#............†..
....#.#....≈≈#####≈≈≈≈≈≈≈≈≈≈≈≈)..
....#.#....≈≈≈≈≈≈≈≈≈≈≈≈≈≈≈≈≈≈≈...
....#.#....≈≈≈≈≈≈≈≈≈≈≈≈≈≈≈≈≈≈≈)..


You could see a gnoll.

Vanquished Creatures
  A hound (D:3)
  2 orc wizards (D:3)
  A gnoll shaman (D:3)
  19 gnolls
  3 adders
  A worm (D:2)
  2 dart slugs (D:1)
  A leopard gecko (D:1)
  An orc (D:3)
  3 ball pythons
  8 bats
  5 giant cockroaches
  4 goblins
  5 hobgoblins
  8 jackals
  2 quokkas
  5 frilled lizards
  8 kobolds
  5 rats
84 creatures vanquished.

Vanquished Creatures (others)
  A bat (D:3)
1 creature vanquished.

Grand Total: 85 creatures vanquished

Notes
Turn   | Place    | Note
-------+----------+-------------------------------------------
     0 | D:1      | vishdafish the Draconian Fighter began the quest for the Orb.
     0 | D:1      | Reached XP level 1. HP: 19/19 MP: 1/1
    16 | D:1      | Reached XP level 2. HP: 15/26 MP: 2/2
   425 | D:1      | Reached XP level 3. HP: 31/31 MP: 3/3
   979 | D:2      | Found a snail-covered altar of Cheibriados.
  1086 | D:2      | Reached XP level 4. HP: 37/40 MP: 4/4
  1373 | D:3      | Found a burning altar of Makhleb.
  1495 | D:3      | Found a sacrificial altar of Ru.
  1518 | D:3      | Reached XP level 5. HP: 39/46 MP: 5/5
  2443 | D:3      | Reached XP level 6. HP: 29/53 MP: 6/6
  2803 | D:3      | Slain by a gnoll

Vault maps used:
D:1:      evilmike_arrival_plus, serial_bayou_pond_b, minmay_misc_feat_encased
D:2:      cheibriados_altar_1, minmay_pentomino_o2
D:3:      lemuel_castle_with_subvaults, makhleb_heckhound_becter,
          lemuel_crystal_altar, kennysheep_boxes
D:4:      cheibrodos_ashenzari_chains, columned_hall_lemuel

Skill      XL: |  1  2  3  4  5 |
---------------+----------------+-----
Dodging        | 3 |  3.8
Long Blades    | 3 4 |  4.6
Fighting       | 4 |  4.7
Shields        | 4 |  4.2

Action                   |  1- 3 |  4- 6 || total
-------------------------+-------+-------++-------
Melee: Long sword        |   110 |   178 ||   288
       Tailslap          |    12 |    21 ||    33
  Use: Scroll            |       |     5 ||     5
       Potion            |       |     2 ||     2
  Eat: Chunk             |       |     6 ||     6
Armor: Skin              |    33 |    51 ||    84
Dodge: Dodged            |    51 |    84 ||   135
Block: Shield            |    51 |   110 ||   161
       Rpst.: Long sword |    11 |    25 ||    36

Table legend:
 A = Spawn XP
 B = Non-spawn XP
 C = Spawn XP percentage of total XP
 D = Spawn monster count
 E = Non-spawn monster count
 F = Spawn count percentage of total count
 G = Total turns spent on level
                    A         B        C        D         E        F      G
               +---------+---------+-------+---------+---------+-------+---------
         Total |       0 |     577 |   0.0 |       0 |      84 |   0.0 |  2803
               +---------+---------+-------+---------+---------+-------+---------
           D:1 |       0 |      53 |   0.0 |       0 |      21 |   0.0 |   885
           D:2 |       0 |      62 |   0.0 |       0 |      23 |   0.0 |   465
           D:3 |       0 |     418 |   0.0 |       0 |      36 |   0.0 |  1360
           D:4 |       0 |      44 |   0.0 |       0 |       4 |   0.0 |    93
               +---------+---------+-------+---------+---------+-------+---------
